Workbook

Sheet MEDIÇÃO 9
A1: PREFEITURA MUNICIPAL DE SO ROQUE DO CANA Estado do Esprito Santo SECRETARIA MUNICIPAL DE OBRAS E SERVIÇOS URBANOS – SETOR DE ENGENHARIA
A12: BOLETIM DE MEDIÇÃO | P12: DATA: 13/02/2023
A14: OBRA: CONSTRUÇÃO DE MURO DE CONTENÇÃO E ESTABILIZAÇÃO DE TALUDES EM ÁREA DE RISCO | D14: CONTRATO Nº: | H14: 026/2022 | M14: Assinatura: 23/02/2022 | P14: INÍCIO: | R14: 44634
P15: TÉRMINO: | R15: 44998 | T15: 0.1557
A16: LOCAL: RUAS ANTÔNIO GIL VELOSO, CENTRO E MIGUEL ÂNGELO PIONTKOVSKY, BAIRRO NOSSA SENHORA DAS GRAÇAS, NESTE MUNICÍPIO | H16: PERÍODO | K16: 44933 | M16: a | N16: 44965 | P16: PRAZO: | R16: 365 DIAS | T16: 0.2855
A17: EMPREITEIRA: M S CONSTRUTORA EIRELI | H17: 1º REPLAN (QUANTITATIVO) | K17: =N18 -> MEDIÇÃO 10 | N17: =O86 -> 101396.18 | P17: % MÊS: | Q17: =M89 -> 0.037294658 | R17: % ACUM: | S17: =M90 -> 0.96431533
A18: ITEM | B18: ESPECIFICAÇÃO | C18: UNID. | D18: QUANT. | E18: PREÇO UNIT R$ | F18: REAJUSTE | G18: REAJUSTE + BDI | H18: ACRÉSC. | I18: DECRÉSC. | J18: TOTAL | K18: ACUMULADO ANTERIOR | N18: MEDIÇÃO 10 | Q18: TOTAL MEDIDO
K19: QUANT. | L19: TOTAL | M19: % | N19: QUANT. | O19: TOTAL | P19: % | Q19: QUANT. | R19: TOTAL | S19: % | T19: QUANT.
A20: 1. | B20: CANTEIRO DE OBRAS
A21: 1.1 | B21: Aluguel de container para almoxarifado | C21: mês | D21: 12 | E21: 307.00669 | F21: 359.191 | G21: =F21*(1+$T$16) -> 461.74003 | J21: =H21+D21-I21 -> 12 | K21: 9 | L21: =K21*G21 -> 4155.6603 | M21: =K21/J21 -> 0.75 | N21: 1 | O21: =N21*G21 -> 461.74003 | P21: =N21/J21 -> 0.083333333 | Q21: =K21+N21 -> 10 | R21: =ROUND(SUM(L21+O21),2) -> 4617.4 | S21: =M21+P21 -> 0.83333333 | T21: 9 | U21: =R21=T21 -> FALSE
A22: 1.2 | B22: Aluguel de container p/ escritório c/ ar condicionado e banheiro,isolam.térmico e acústico, 2 luminárias, janela de vidro, tomada p/ comput. E telef. | C22: mês | D22: 12 | E22: 444.20532 | F22: 519.712 | G22: =F22*(1+$T$16) -> 668.08978 | J22: =H22+D22-I22 -> 12 | K22: 9 | L22: =K22*G22 -> 6012.808 | M22: =K22/J22 -> 0.75 | N22: 1 | O22: =N22*G22 -> 668.08978 | P22: =N22/J22 -> 0.083333333 | Q22: =K22+N22 -> 10 | R22: =ROUND(SUM(L22+O22),2) -> 6680.9 | S22: =M22+P22 -> 0.83333333 | T22: 9 | W22: =210.07/((1+$T$16)) -> 163.41501
A23: 1.3 | B23: Aluguel de container tipo refeitório (2 unidades acopladas), c/ 2 aparelhos de ar condicionado, 4 lumináriase 4 janelas de vidro | C23: mês | D23: 12 | E23: 942.5 | F23: 1102.707 | G23: =F23*(1+$T$16) -> 1417.5298 | J23: =H23+D23-I23 -> 12 | K23: 9 | L23: =K23*G23 -> 12757.769 | M23: =K23/J23 -> 0.75 | N23: 1 | O23: =N23*G23 -> 1417.5298 | P23: =N23/J23 -> 0.083333333 | Q23: =K23+N23 -> 10 | R23: =ROUND(SUM(L23+O23),2) -> 14175.3 | S23: =M23+P23 -> 0.83333333 | T23: 9
A24: 1.4 | B24: Aluguel de container tipo sanitário com 3 vasos sanitários, lavatório, mictório, 5 chuveiros, 2 venezianas e piso especial | C24: mês | D24: 12 | E24: 457.76192 | F24: 535.574 | G24: =F24*(1+$T$16) -> 688.48038 | J24: =H24+D24-I24 -> 12 | K24: 9 | L24: =K24*G24 -> 6196.3234 | M24: =K24/J24 -> 0.75 | N24: 1 | O24: =N24*G24 -> 688.48038 | P24: =N24/J24 -> 0.083333333 | Q24: =K24+N24 -> 10 | R24: =ROUND(SUM(L24+O24),2) -> 6884.8 | S24: =M24+P24 -> 0.83333333 | T24: 9
A25: 1.5 | B25: Reservatório de fibra de vidro de 1000 L, incl. suporte em madeira de 7x12cm, elevado de 4m | C25: und | D25: 1 | E25: 1293.9912 | F25: 1513.948 | G25: =F25*(1+$T$16) -> 1946.1802 | J25: =H25+D25-I25 -> 1 | K25: 1 | L25: =K25*G25 -> 1946.1802 | M25: =K25/J25 -> 1 | O25: =N25*G25 -> 0 | P25: =N25/J25 -> 0 | Q25: =K25+N25 -> 1 | R25: =ROUND(SUM(L25+O25),2) -> 1946.18 | S25: =M25+P25 -> 1 | T25: 1
A26: 1.6 | B26: Rede de água c/ padrão de entrada d'água diâm. 3/4" conf. CESAN, incl. tubos e conexões p/ aliment., distrib., extravas. e limp., cons. o padrão a 25m | C26: m | D26: 15 | E26: 22.469591 | F26: 26.285 | G26: 33.79 | J26: =H26+D26-I26 -> 15 | K26: 15 | L26: =K26*G26 -> 506.85 | M26: =K26/J26 -> 1 | O26: =N26*G26 -> 0 | P26: =N26/J26 -> 0 | Q26: =K26+N26 -> 15 | R26: =ROUND(SUM(L26+O26),2) -> 506.85 | S26: =M26+P26 -> 1 | T26: 15
A27: 1.7 | B27: Rede de luz, incl. padrão entr. energia trifás. cabo ligação até barracões, quadro distrib., disj. e chave de força, cons. 20m entre padrão entr.e QDG | C27: m | D27: 15 | E27: 321.62139 | F27: 376.289 | G27: 483.72 | J27: =H27+D27-I27 -> 15 | K27: 15 | L27: =K27*G27 -> 7255.8 | M27: =K27/J27 -> 1 | O27: =N27*G27 -> 0 | P27: =N27/J27 -> 0 | Q27: =K27+N27 -> 15 | R27: =ROUND(SUM(L27+O27),2) -> 7255.8 | S27: =M27+P27 -> 1 | T27: 15
A28: 1.8 | B28: Galpão em peças de madeira 8x8cm e contravent. de 5x7cm, cobertura de telhas de fibroc. de 6mm, incl. ponto e cabo de alimentação da máquina | C28: m² | D28: 24 | E28: 139.67726 | F28: 163.415 | G28: =F28*(1+$T$16) -> 210.06998 | J28: =H28+D28-I28 -> 24 | K28: 24 | L28: =K28*G28 -> 5041.6796 | M28: =K28/J28 -> 1 | O28: =N28*G28 -> 0 | P28: =N28/J28 -> 0 | Q28: =K28+N28 -> 24 | R28: =ROUND(SUM(L28+O28),2) -> 5041.68 | S28: =M28+P28 -> 1 | T28: 24
A29: 2. | B29: TERRAPLANAGEM
A30: 2.1 | B30: Capina manual inclusive, limpeza | C30: m² | D30: 1865.6 | E30: 0.8514434 | F30: 0.986 | G30: =TRUNC(F30*(1+$T$16),2) -> 1.26 | J30: =H30+D30-I30 -> 1865.6 | K30: 1865.6 | L30: =K30*G30 -> 2350.656 | M30: =K30/J30 -> 1 | O30: =N30*G30 -> 0 | P30: =N30/J30 -> 0 | Q30: =K30+N30 -> 1865.6 | R30: =ROUND(SUM(L30+O30),2) -> 2350.66 | S30: =M30+P30 -> 1 | T30: 1865.6 | V30: =3.61/((1+$T$16)) -> 2.8082458
A31: 2.2 | B31: Escavação, carga e transporte de material de 1ª cat. 1000 a 1200 m com moto-escavotransportador | C31: m³ | D31: 2550 | E31: 13.657152 | F31: =E31*$E$102 -> 15.801325 | G31: =TRUNC(F31*(1+$T$16),2) -> 20.31 | J31: =H31+D31-I31 -> 2550 | K31: 2550 | L31: =K31*G31 -> 51790.5 | M31: =K31/J31 -> 1 | O31: =N31*G31 -> 0 | P31: =N31/J31 -> 0 | Q31: =K31+N31 -> 2550 | R31: =ROUND(SUM(L31+O31),2) -> 51790.5 | S31: =M31+P31 -> 1 | T31: 2550
A32: 2.3 | B32: Escavação, carga e transporte de material de 2ª cat. 1000 a 1200 m com moto-escavotransportador | C32: m³ | D32: 255 | E32: 21.899124 | F32: =E32*$E$102 -> 25.337287 | G32: =TRUNC(F32*(1+$T$16),2) -> 32.57 | J32: =H32+D32-I32 -> 255 | K32: 255 | L32: =K32*G32 -> 8305.35 | M32: =K32/J32 -> 1 | O32: =N32*G32 -> 0 | P32: =N32/J32 -> 0 | Q32: =K32+N32 -> 255 | R32: =ROUND(SUM(L32+O32),2) -> 8305.35 | S32: =M32+P32 -> 1 | T32: 255
A33: 2.4 | B33: Escavação e carga de material de 3ª categoria (H bancada >1,0 m) | C33: m³ | D33: 153 | E33: 23.66445 | F33: 27.375 | G33: =TRUNC(F33*(1+$T$16),2) -> 35.19 | H33: 246 | J33: =H33+D33-I33 -> 399 | K33: 399 | L33: =K33*G33 -> 14040.81 | M33: =K33/J33 -> 1 | O33: =N33*G33 -> 0 | P33: =N33/J33 -> 0 | Q33: =K33+N33 -> 399 | R33: =ROUND(SUM(L33+O33),2) -> 14040.81 | S33: =M33+P33 -> 1 | T33: 399
A34: 2.5 | B34: Fragmentação de rocha (fogacheamento) | C34: m³ | D34: 153 | E34: 29.329387 | F34: =E34*$E$102 -> 33.934101 | G34: =TRUNC(F34*(1+$T$16),2) -> 43.62 | H34: 246 | J34: =H34+D34-I34 -> 399 | K34: 399 | L34: =K34*G34 -> 17404.38 | M34: =K34/J34 -> 1 | O34: =N34*G34 -> 0 | P34: =N34/J34 -> 0 | Q34: =K34+N34 -> 399 | R34: =ROUND(SUM(L34+O34),2) -> 17404.38 | S34: =M34+P34 -> 1 | T34: 399
A35: 2.6 | B35: Preparo manual de talude, compreendendo acerto, raspagem eventual de até 0,30m de prof. e afastamento lateral | C35: m² | D35: 1865.6 | E35: 6.5504379 | F35: =E35*$E$102 -> 7.5788566 | G35: =TRUNC(F35*(1+$T$16),2) -> 9.74 | J35: =H35+D35-I35 -> 1865.6 | K35: 1865.6 | L35: =K35*G35 -> 18170.944 | M35: =K35/J35 -> 1 | O35: =N35*G35 -> 0 | P35: =N35/J35 -> 0 | Q35: =K35+N35 -> 1865.6 | R35: =ROUND(SUM(L35+O35),2) -> 18170.94 | S35: =M35+P35 -> 1 | T35: 1865.6
A36: 2.7 | B36: Transporte de materiais encosta acima, serviço manual, inclusive carga e e descarga | C36: tdam | D36: 4080 | E36: 15.832793 | F36: 18.312 | G36: =TRUNC(F36*(1+$T$16),2) -> 23.54 | J36: =H36+D36-I36 -> 4080 | K36: 4080 | L36: =K36*G36 -> 96043.2 | M36: =K36/J36 -> 1 | O36: =N36*G36 -> 0 | P36: =N36/J36 -> 0 | Q36: =K36+N36 -> 4080 | R36: =ROUND(SUM(L36+O36),2) -> 96043.2 | S36: =M36+P36 -> 1 | T36: 4080
A37: 2.8 | B37: Transporte de materiais encosta abaixo, serviço manual, inclusive carga e descarga | C37: tdam | D37: 1591.2 | E37: 11.702887 | F37: 13.536 | G37: =TRUNC(F37*(1+$T$16),2) -> 17.4 | J37: =H37+D37-I37 -> 1591.2 | K37: 1591.2 | L37: =K37*G37 -> 27686.88 | M37: =K37/J37 -> 1 | O37: =N37*G37 -> 0 | P37: =N37/J37 -> 0 | Q37: =K37+N37 -> 1591.2 | R37: =ROUND(SUM(L37+O37),2) -> 27686.88 | S37: =M37+P37 -> 1 | T37: 1591.2
A38: 2.9 | B38: Transporte Local de Materiais (TR-101-01) (Vias urbanas - Caminhão basculante): XP=7 e XR=2 - (1,123XP + 1,497XR + 1,872) - | C38: t | D38: 10197.888 | E38: 1.1232 | F38: =E38*$E$102 -> 1.2995424 | G38: =TRUNC(F38*(1+$T$16),2) -> 1.67 | H38: 393.6 | J38: =H38+D38-I38 -> 10591.488 | K38: 10591.485 | L38: =K38*G38 -> 17687.78 | M38: =K38/J38 -> 0.99999972 | O38: =N38*G38 -> 0 | P38: =N38/J38 -> 0 | Q38: =K38+N38 -> 10591.485 | R38: =ROUND(SUM(L38+O38),2) -> 17687.78 | S38: =M38+P38 -> 0.99999972 | T38: 10591.49
A39: 2.10 | B39: Compactação de aterros 100% PN | C39: m³ | D39: 2550 | E39: 2.4326954 | F39: 2.8089 | G39: =TRUNC(F39*(1+$T$16),2) -> 3.61 | J39: =H39+D39-I39 -> 2550 | K39: 2550 | L39: =K39*G39 -> 9205.5 | M39: =K39/J39 -> 1 | O39: =N39*G39 -> 0 | P39: =N39/J39 -> 0 | Q39: =K39+N39 -> 2550 | R39: =ROUND(SUM(L39+O39),2) -> 9205.5 | S39: =M39+P39 -> 1 | T39: 2550
A40: 2.11 | B40: Aquisição de solo de jazida comercial (saibreira) | C40: m³ | D40: 2550 | E40: 4.1274732 | F40: 4.769 | G40: =TRUNC(F40*(1+$T$16),2) -> 6.13 | J40: =H40+D40-I40 -> 2550 | K40: 2550 | L40: =K40*G40 -> 15631.5 | M40: =K40/J40 -> 1 | O40: =N40*G40 -> 0 | P40: =N40/J40 -> 0 | Q40: =K40+N40 -> 2550 | R40: =ROUND(SUM(L40+O40),2) -> 15631.5 | S40: =M40+P40 -> 1 | T40: 2550
A41: 3. | B41: DRENAGEM
A42: 3.1 | B42: Religação de rede de água em PVC DN 25mm,inclusive conexões | C42: m | D42: 20 | E42: 17.618067 | F42: =E42*$E$103 -> 19.996506 | G42: =TRUNC(F42*(1+$T$16),2) -> 25.7 | J42: =H42+D42-I42 -> 20 | K42: 0 | L42: =K42*G42 -> 0 | M42: =K42/J42 -> 0 | N42: 20 | O42: =N42*G42 -> 514 | P42: =N42/J42 -> 1 | Q42: =K42+N42 -> 20 | R42: =ROUND(SUM(L42+O42),2) -> 514 | S42: =M42+P42 -> 1 | T42: -
A43: 3.2 | B43: Tubo PVC rígido para esgoto no diâmetro de 200mm incluindo escavação e aterro com areia | C43: m | D43: 30 | E43: 130.6242 | F43: =E43*$E$103 -> 148.25847 | G43: =TRUNC(E43*(1+$T$16),2) -> 167.91 | J43: =H43+D43-I43 -> 30 | K43: 0 | L43: =K43*G43 -> 0 | M43: =K43/J43 -> 0 | N43: 30 | O43: =N43*G43 -> 5037.3 | P43: =N43/J43 -> 1 | Q43: =K43+N43 -> 30 | R43: =ROUND(SUM(L43+O43),2) -> 5037.3 | S43: =M43+P43 -> 1 | T43: -
A44: 3.3 | B44: Canaleta de concreto retangular (0,130m³/m) inclusive caiação | C44: m | D44: 170 | E44: 232.08644 | F44: =338.61/((1+$T$16)) -> 263.40723 | G44: =TRUNC(F44*(1+$T$16),2) -> 338.61 | J44: =H44+D44-I44 -> 170 | K44: 28 | L44: =K44*G44 -> 9481.08 | M44: =K44/J44 -> 0.16470588 | O44: =N44*G44 -> 0 | P44: =N44/J44 -> 0 | Q44: =K44+N44 -> 28 | R44: =ROUND(SUM(L44+O44),2) -> 9481.08 | S44: =M44+P44 -> 0.16470588 | T44: 28 | V44: =2767.48/((1+$T$16)) -> 2152.8433
A45: 3.4 | B45: Caixa coletora em bloco pré-moldado para d->0,60m (1,00 x 1,00m) | C45: Ud | D45: 2 | E45: 1896.807 | F45: =2767.48/((1+$T$16)) -> 2152.8433 | G45: =TRUNC(F45*(1+$T$16),2) -> 2767.48 | J45: =H45+D45-I45 -> 2 | K45: 0 | L45: =K45*G45 -> 0 | M45: =K45/J45 -> 0 | N45: 2 | O45: =N45*G45 -> 5534.96 | P45: =N45/J45 -> 1 | Q45: =K45+N45 -> 2 | R45: =ROUND(SUM(L45+O45),2) -> 5534.96 | S45: =M45+P45 -> 1 | T45: -
A46: 3.5 | B46: Tampa de concreto em grelha, fornecimento, assentamento e transporte | C46: Ud | D46: 2 | E46: 182.06925 | F46: =E46*$E$103 -> 206.6486 | G46: =TRUNC(F46*(1+$T$16),2) -> 265.64 | J46: =H46+D46-I46 -> 2 | K46: 0 | L46: =K46*G46 -> 0 | M46: =K46/J46 -> 0 | N46: 2 | O46: =N46*G46 -> 531.28 | P46: =N46/J46 -> 1 | Q46: =K46+N46 -> 2 | R46: =ROUND(SUM(L46+O46),2) -> 531.28 | S46: =M46+P46 -> 1 | T46: -
A47: 3.6 | B47: Eletroduto de PVC diâmetro de 4", fornecimento e instalação | C47: m | D47: 20 | E47: 88.066494 | F47: =E47*$E$103 -> 99.95547 | G47: =TRUNC(F47*(1+$T$16),2) -> 128.49 | J47: =H47+D47-I47 -> 20 | K47: 0 | L47: =K47*G47 -> 0 | M47: =K47/J47 -> 0 | N47: 20 | O47: =N47*G47 -> 2569.8 | P47: =N47/J47 -> 1 | Q47: =K47+N47 -> 20 | R47: =ROUND(SUM(L47+O47),2) -> 2569.8 | S47: =M47+P47 -> 1 | T47: -
A48: 3.7 | B48: Geogrelha com resistência londitudinal a tração 35 a 40 kN, resist. transversal a tração 30 kN e deformação 5%, fornecimento e aplicação | C48: m² | D48: 340 | E48: 26.399286 | F48: =E48*$E$103 -> 29.96319 | G48: =TRUNC(F48*(1+$T$16),2) -> 38.51 | J48: =H48+D48-I48 -> 340 | K48: 340 | L48: =K48*G48 -> 13093.4 | M48: =K48/J48 -> 1 | O48: =N48*G48 -> 0 | P48: =N48/J48 -> 0 | Q48: =K48+N48 -> 340 | R48: =ROUND(SUM(L48+O48),2) -> 13093.4 | S48: =M48+P48 -> 1 | T48: 340
A49: 3.8 | B49: Colchão drenante de brita 2 inclusive fornecimento, espalhamento,compactação e transporte da brita | C49: m³ | D49: 51 | E49: 84.363283 | F49: =E49*$E$103 -> 95.752326 | G49: =TRUNC(F49*(1+$T$16),2) -> 123.08 | J49: =H49+D49-I49 -> 51 | K49: 51 | L49: =K49*G49 -> 6277.08 | M49: =K49/J49 -> 1 | O49: =N49*G49 -> 0 | P49: =N49/J49 -> 0 | Q49: =K49+N49 -> 51 | R49: =ROUND(SUM(L49+O49),2) -> 6277.08 | S49: =M49+P49 -> 1 | T49: 51
A50: 3.9 | B50: Meio fio (remoção e reassentamento), inclusive caiação | C50: m | D50: 95 | E50: 47.299384 | F50: =E50*$E$103 -> 53.684801 | G50: =TRUNC(F50*(1+$T$16),2) -> 69.01 | H50: 14 | J50: =H50+D50-I50 -> 109 | K50: 0 | L50: =K50*G50 -> 0 | M50: =K50/J50 -> 0 | O50: =N50*G50 -> 0 | P50: =N50/J50 -> 0 | Q50: =K50+N50 -> 0 | R50: =ROUND(SUM(L50+O50),2) -> 0 | S50: =M50+P50 -> 0 | T50: -
A51: 3.10 | B51: Calçada de concreto | C51: m² | D51: 142.5 | E51: 40.520759 | F51: =E51*$E$103 -> 45.991061 | G51: =TRUNC(F51*(1+$T$16),2) -> 59.12 | H51: 21 | J51: =H51+D51-I51 -> 163.5 | K51: 0 | L51: =K51*G51 -> 0 | M51: =K51/J51 -> 0 | O51: =N51*G51 -> 0 | P51: =N51/J51 -> 0 | Q51: =K51+N51 -> 0 | R51: =ROUND(SUM(L51+O51),2) -> 0 | S51: =M51+P51 -> 0 | T51: -
A52: 3.11 | B52: Tela de aço soldada Telcon Q-138 ou similar, fornecimento e assentamento | C52: m² | D52: 185.25 | E52: 28.457509 | F52: =E52*$E$103 -> 32.299273 | G52: =TRUNC(F52*(1+$T$16),2) -> 41.52 | H52: 27.3 | J52: =H52+D52-I52 -> 212.55 | K52: 0 | L52: =K52*G52 -> 0 | M52: =K52/J52 -> 0 | O52: =N52*G52 -> 0 | P52: =N52/J52 -> 0 | Q52: =K52+N52 -> 0 | R52: =ROUND(SUM(L52+O52),2) -> 0 | S52: =M52+P52 -> 0 | T52: -
A53: 3.12 | B53: Lona plástica preta para isolamento de concretagem sobre solo, fornecimento e colocação | C53: m² | D53: 559.68 | E53: 3.6396367 | F53: =E53*$E$103 -> 4.1309877 | G53: =TRUNC(F53*(1+$T$16),2) -> 5.31 | J53: =H53+D53-I53 -> 559.68 | K53: 559.68 | L53: =K53*G53 -> 2971.9008 | M53: =K53/J53 -> 1 | O53: =N53*G53 -> 0 | P53: =N53/J53 -> 0 | Q53: =K53+N53 -> 559.68 | R53: =ROUND(SUM(L53+O53),2) -> 2971.9 | S53: =M53+P53 -> 1 | T53: 559.68
A54: 4. | B54: SINALIZAÇÃO
A55: 4.1 | B55: Placas de sinalização, inclusive materiais, substituição | C55: m² | D55: 8 | E55: 540.02189 | F55: =806.64/((1+$T$16)) -> 627.49125 | G55: =TRUNC(F55*(1+$T$16),2) -> 806.64 | J55: =H55+D55-I55 -> 8 | K55: 8 | L55: =K55*G55 -> 6453.12 | M55: =K55/J55 -> 1 | O55: =N55*G55 -> 0 | P55: =N55/J55 -> 0 | Q55: =K55+N55 -> 8 | R55: =ROUND(SUM(L55+O55),2) -> 6453.12 | S55: =M55+P55 -> 1 | T55: 8 | U55: =559.82/((1+$T$16)) -> 435.48814
A56: 4.2 | B56: Tapume de vedação e proteção, executado com chapas de compensado resinado com 6 mm de espessura, exclusive pintura, em Vias Urbanas | C56: m² | D56: 340 | E56: 36.91372 | F56: =E56*$E$106 -> 42.893743 | G56: =TRUNC(F56*(1+$T$16),2) -> 55.13 | J56: =H56+D56-I56 -> 340 | K56: 340 | L56: =K56*G56 -> 18744.2 | M56: =K56/J56 -> 1 | O56: =N56*G56 -> 0 | P56: =N56/J56 -> 0 | Q56: =K56+N56 -> 340 | R56: =ROUND(SUM(L56+O56),2) -> 18744.2 | S56: =M56+P56 -> 1 | T56: 340
A57: 4.3 | B57: Tela de proteção de segurança de PVC cor laranja com suporte para sinalização de obras | C57: m | D57: 170 | E57: 15.917126 | F57: =E57*$E$106 -> 18.495701 | G57: =TRUNC(F57*(1+$T$16),2) -> 23.77 | J57: =H57+D57-I57 -> 170 | K57: 170 | L57: =K57*G57 -> 4040.9 | M57: =K57/J57 -> 1 | O57: =N57*G57 -> 0 | P57: =N57/J57 -> 0 | Q57: =K57+N57 -> 170 | R57: =ROUND(SUM(L57+O57),2) -> 4040.9 | S57: =M57+P57 -> 1 | T57: 170
A58: 5. | B58: SOLO GRAMPEADO
A59: 5.1 | B59: Concreto projetado com cimento especial | C59: m³ | D59: 96 | E59: 364.12828 | F59: =559.82/((1+$T$16)) -> 435.48814 | G59: =TRUNC(F59*(1+$T$16),2) -> 559.82 | H59: 98 | J59: =H59+D59-I59 -> 194 | K59: 15 | L59: =K59*G59 -> 8397.3 | M59: =K59/J59 -> 0.077319588 | N59: 150 | O59: =N59*G59 -> 83973 | P59: =N59/J59 -> 0.77319588 | Q59: =K59+N59 -> 165 | R59: =ROUND(SUM(L59+O59),2) -> 92370.3 | S59: =M59+P59 -> 0.85051546 | T59: 15
A60: 5.2 | B60: Tela de aço soldada Telcon Q-138 ou similar, fornecimento e assentamento | C60: m² | D60: 2080 | E60: 27.586361 | F60: =E60*$E$105 -> 32.993287 | G60: =TRUNC(F60*(1+$T$16),2) -> 42.41 | H60: 846.04 | J60: =H60+D60-I60 -> 2926.04 | K60: 2926.04 | L60: =K60*G60 -> 124093.36 | M60: =K60/J60 -> 1 | O60: =N60*G60 -> 0 | P60: =N60/J60 -> 0 | Q60: =K60+N60 -> 2926.04 | R60: =ROUND(SUM(L60+O60),2) -> 124093.36 | S60: =M60+P60 -> 1 | T60: 2926.04
A61: 5.3 | B61: Microconcreto com aditivo | C61: m³ | D61: 21.878666 | E61: 223.965 | F61: =E61*$E$105 -> 267.86214 | G61: =TRUNC(F61*(1+$T$16),2) -> 344.33 | H61: 5.1 | J61: =H61+D61-I61 -> 26.978666 | K61: 26.978663 | L61: =K61*G61 -> 9289.563 | M61: =K61/J61 -> 0.99999989 | O61: =N61*G61 -> 0 | P61: =N61/J61 -> 0 | Q61: =K61+N61 -> 26.978663 | R61: =ROUND(SUM(L61+O61),2) -> 9289.56 | S61: =M61+P61 -> 0.99999989 | T61: 26.98
A62: 5.4 | B62: Dreno de PVC D = 50 mm em Vias Urbanas | C62: m | D62: 959.5 | E62: 18.470645 | F62: =E62*$E$105 -> 22.090892 | G62: =TRUNC(F62*(1+$T$16),2) -> 28.39 | H62: 176.4 | J62: =H62+D62-I62 -> 1135.9 | K62: 1135.9 | L62: =K62*G62 -> 32248.201 | M62: =K62/J62 -> 1 | O62: =N62*G62 -> 0 | P62: =N62/J62 -> 0 | Q62: =K62+N62 -> 1135.9 | R62: =ROUND(SUM(L62+O62),2) -> 32248.2 | S62: =M62+P62 -> 1 | T62: 1135.9
A63: 5.5 | B63: Manta Geotêxtil não tecida com resistência longitudinal a tração 10kN/m, fornecimento e aplicação | C63: m² | D63: 144.0866 | E63: 6.2199157 | F63: =E63*$E$105 -> 7.4390191 | G63: =TRUNC(F63*(1+$T$16),2) -> 9.56 | H63: 25.45 | J63: =H63+D63-I63 -> 169.5366 | K63: 169.53682 | L63: =K63*G63 -> 1620.772 | M63: =K63/J63 -> 1.0000013 | O63: =N63*G63 -> 0 | P63: =N63/J63 -> 0 | Q63: =K63+N63 -> 169.53682 | R63: =ROUND(SUM(L63+O63),2) -> 1620.77 | S63: =ROUND(SUM(M63+P63),2) -> 1 | T63: 169.54
A64: 5.6 | B64: Colchão drenante de brita 2 inclusive fornecimento, espalhamento, compactação e transporte da brita | C64: m³ | D64: 14.0625 | E64: 82.641583 | F64: =E64*$E$105 -> 98.839333 | G64: =TRUNC(F64*(1+$T$16),2) -> 127.05 | J64: =H64+D64-I64 -> 14.0625 | K64: 14.06 | L64: =K64*G64 -> 1786.323 | M64: =K64/J64 -> 0.99982222 | O64: =N64*G64 -> 0 | P64: =N64/J64 -> 0 | Q64: =K64+N64 -> 14.06 | R64: =ROUND(SUM(L64+O64),2) -> 1786.32 | S64: =M64+P64 -> 0.99982222 | T64: 14.06
A65: 5.7 | B65: Grampo de aço CA-50 D = 12,5 mm para solo grampeado com capacidade de 30 kN - fornecimento, perfuração e instalação | C65: m | D65: 2700 | E65: 38.3136 | F65: =E65*E111 -> 41.531942 | G65: =TRUNC(F65*(1+$T$16),2) -> 53.38 | H65: 468 | J65: =H65+D65-I65 -> 3168 | K65: 3168 | L65: =K65*G65 -> 169107.84 | M65: =K65/J65 -> 1 | O65: =N65*G65 -> 0 | P65: =N65/J65 -> 0 | Q65: =K65+N65 -> 3168 | R65: =ROUND(SUM(L65+O65),2) -> 169107.84 | S65: =M65+P65 -> 1 | T65: 3168
A66: 6. | B66: MURO
A67: 6.1 | B67: Formas planas de madeirit meso e superestrutura com 4 reaproveitamentos esp. -> 17 mm | C67: m² | D67: 1020 | E67: 40.61385 | F67: =E67*$E$105 -> 48.574165 | G67: =TRUNC(F67*(1+$T$16),2) -> 62.44 | H67: 83 | J67: =H67+D67-I67 -> 1103 | K67: 1103 | L67: =K67*G67 -> 68871.32 | M67: =K67/J67 -> 1 | O67: =N67*G67 -> 0 | P67: =N67/J67 -> 0 | Q67: =K67+N67 -> 1103 | R67: =ROUND(SUM(L67+O67),2) -> 68871.32 | S67: =M67+P67 -> 1 | T67: 1103
A68: 6.2 | B68: Formas planas de madeira sem reaproveitamento (fundações), inclusive fornecimento e transporte das madeiras | C68: m² | D68: 51 | E68: 136.54314 | F68: =E68*$E$105 -> 163.3056 | G68: =TRUNC(F68*(1+$T$16),2) -> 209.92 | J68: =H68+D68-I68 -> 51 | K68: 51 | L68: =K68*G68 -> 10705.92 | M68: =K68/J68 -> 1 | O68: =N68*G68 -> 0 | P68: =N68/J68 -> 0 | Q68: =K68+N68 -> 51 | R68: =ROUND(SUM(L68+O68),2) -> 10705.92 | S68: =M68+P68 -> 1 | T68: 51
A69: 6.3 | B69: Concreto estrutural fck -> 25,0 MPa com plastificante em Vias Urbanas | C69: m³ | D69: 226.36 | E69: 412.38242 | F69: =634.01/((1+$T$16)) -> 493.20109 | G69: =TRUNC(F69*(1+$T$16),2) -> 634.01 | J69: =H69+D69-I69 -> 226.36 | K69: 226.36 | L69: =K69*G69 -> 143514.5 | M69: =K69/J69 -> 1 | O69: =N69*G69 -> 0 | P69: =N69/J69 -> 0 | Q69: =K69+N69 -> 226.36 | R69: =ROUND(SUM(L69+O69),2) -> 143514.5 | S69: =M69+P69 -> 1 | T69: 226.36 | U69: 71.86
A70: 6.4 | B70: Aluguel mensal de escoramento tubular com tubos metálicos com até 10 metros de altura | C70: m | D70: 170 | E70: 58.605255 | F70: =E70*$E$105 -> 70.091885 | G70: =TRUNC(F70*(1+$T$16),2) -> 90.1 | H70: 84 | J70: =H70+D70-I70 -> 254 | K70: 254 | L70: =K70*G70 -> 22885.4 | M70: =K70/J70 -> 1 | O70: =N70*G70 -> 0 | P70: =N70/J70 -> 0 | Q70: =K70+N70 -> 254 | R70: =ROUND(SUM(L70+O70),2) -> 22885.4 | S70: =M70+P70 -> 1 | T70: 254
A71: 6.5 | B71: Montagem e desmontagem de escoramento tubular normal, em obras de arte na densidade de 5m de tubo por m³ de escoramento | C71: m | D71: 1020 | E71: 11.60639 | F71: =E71*$E$105 -> 13.881242 | G71: =TRUNC(F71*(1+$T$16),2) -> 17.84 | H71: 168 | J71: =H71+D71-I71 -> 1188 | K71: 1188 | L71: =K71*G71 -> 21193.92 | M71: =K71/J71 -> 1 | O71: =N71*G71 -> 0 | P71: =N71/J71 -> 0 | Q71: =K71+N71 -> 1188 | R71: =ROUND(SUM(L71+O71),2) -> 21193.92 | S71: =M71+P71 -> 1 | T71: 1188 | U71: =634.79/((1+$T$16)) -> 493.80786
A72: 6.6 | B72: Aço CA-50, fornecimento, dobragem e colocação nas formas (preço médio das bitolas) | C72: kg | D72: 13404 | E72: 7.9609958 | F72: =E72*$E$105 -> 9.521351 | G72: =TRUNC(F72*(1+$T$16),2) -> 12.23 | H72: 279 | J72: =H72+D72-I72 -> 13683 | K72: 13683 | L72: =K72*G72 -> 167343.09 | M72: =K72/J72 -> 1 | O72: =N72*G72 -> 0 | P72: =N72/J72 -> 0 | Q72: =K72+N72 -> 13683 | R72: =ROUND(SUM(L72+O72),2) -> 167343.09 | S72: =M72+P72 -> 1 | T72: 13683
A73: 6.7 | B73: Acessório para tirante protendido de aço ST 85/105 | C73: Ud | D73: 93 | E73: 437.14239 | F73: =E73*$E$105 -> 522.8223 | G73: =TRUNC(F73*(1+$T$16),2) -> 672.08 | H73: 3 | J73: =H73+D73-I73 -> 96 | K73: 96 | L73: =K73*G73 -> 64519.68 | M73: =K73/J73 -> 1 | O73: =N73*G73 -> 0 | P73: =N73/J73 -> 0 | Q73: =K73+N73 -> 96 | R73: =ROUND(SUM(L73+O73),2) -> 64519.68 | S73: =M73+P73 -> 1 | T73: 96
A74: 6.8 | B74: Tirante de aço ST 85/105, diâmetro de 32 mm, incluindo fornecimento da barra e da bainha proteção anticorrosiva, preparo e colocação no furo | C74: m | D74: 1108.5 | E74: 132.4035 | F74: =E74*$E$105 -> 158.35459 | G74: =TRUNC(F74*(1+$T$16),2) -> 203.56 | H74: 815 | J74: =H74+D74-I74 -> 1923.5 | K74: 1923.5 | L74: =K74*G74 -> 391547.66 | M74: =K74/J74 -> 1 | O74: =N74*G74 -> 0 | P74: =N74/J74 -> 0 | Q74: =K74+N74 -> 1923.5 | R74: =ROUND(SUM(L74+O74),2) -> 391547.66 | S74: =M74+P74 -> 1 | T74: 1923.5
A75: 6.9 | B75: Injeção de calda de cimento para chumbamento de tirantes | C75: SC | D75: 136.07322 | E75: 28.971781 | F75: =E75*$E$105 -> 34.65025 | G75: =TRUNC(F75*(1+$T$16),2) -> 44.54 | H75: 119.81 | J75: =H75+D75-I75 -> 255.88322 | K75: 255.87972 | L75: =K75*G75 -> 11396.883 | M75: =K75/J75 -> 0.99998629 | O75: =N75*G75 -> 0 | P75: =N75/J75 -> 0 | Q75: =K75+N75 -> 255.87972 | R75: =ROUND(SUM(L75+O75),2) -> 11396.88 | S75: =M75+P75 -> 0.99998629 | T75: 255.88
A76: 6.10 | B76: Perfuração rotativa inclinada, em rocha sã, com coroa de diamante, diâmetro N (75mm), inclusive deslocamento e posicionamento em cada furo. | C76: m | D76: 922.5 | E76: 412.89126 | F76: =634.79/((1+$T$16)) -> 493.80786 | G76: =TRUNC(F76*(1+$T$16),2) -> 634.79 | H76: 160 | J76: =H76+D76-I76 -> 1082.5 | K76: 1082.5 | L76: =K76*G76 -> 687160.18 | M76: =K76/J76 -> 1 | O76: =N76*G76 -> 0 | P76: =N76/J76 -> 0 | Q76: =K76+N76 -> 1082.5 | R76: =ROUND(SUM(L76+O76),2) -> 687160.18 | S76: =M76+P76 -> 1 | T76: 1082.5
A77: 6.11 | B77: Plataforma ou passarela de pinho de 1ª ou similar, 1" x 12" | C77: m² | D77: 765 | E77: 2.315926 | F77: =E77*$E$105 -> 2.7698476 | G77: =TRUNC(F77*(1+$T$16),2) -> 3.56 | J77: =H77+D77-I77 -> 765 | K77: 765 | L77: =K77*G77 -> 2723.4 | M77: =K77/J77 -> 1 | O77: =N77*G77 -> 0 | P77: =N77/J77 -> 0 | Q77: =K77+N77 -> 765 | R77: =ROUND(SUM(L77+O77),2) -> 2723.4 | S77: =M77+P77 -> 1 | T77: 765
A78: 6.12 | B78: Andaime de madeira para altura até 7 m, compreendendo montagem e desmontagem em Vias Urbanas | C78: m³ | D78: 1275 | E78: 13.828414 | F78: =E78*$E$105 -> 16.538783 | G78: =TRUNC(F78*(1+$T$16),2) -> 21.26 | J78: =H78+D78-I78 -> 1275 | K78: 1275 | L78: =K78*G78 -> 27106.5 | M78: =K78/J78 -> 1 | O78: =N78*G78 -> 0 | P78: =N78/J78 -> 0 | Q78: =K78+N78 -> 1275 | R78: =ROUND(SUM(L78+O78),2) -> 27106.5 | S78: =M78+P78 -> 1 | T78: 1275
A79: 6.13 | B79: Perfuração rotativa inclinada, em solo, com coroa de Widia, diâmetro 75mm | C79: m | D79: 1108.5 | E79: 93.459293 | F79: =E79*$E$105 -> 111.77731 | G79: =TRUNC(F79*(1+$T$16),2) -> 143.68 | J79: =H79+D79-I79 -> 1108.5 | K79: 1108.5 | L79: =K79*G79 -> 159269.27 | M79: =K79/J79 -> 0.99999996 | O79: =N79*G79 -> 0 | P79: =N79/J79 -> 0 | Q79: =K79+N79 -> 1108.5 | R79: =ROUND(SUM(L79+O79),2) -> 159269.27 | S79: =M79+P79 -> 0.99999996 | T79: 1108.5
A80: 7. | B80: ITENS NOVOS
A81: 7.1 | B81: Mobilização e desmobilização de caminhão carroceria (máximo) | C81: H | E81: 170.95 | F81: 219.75 | G81: 168.09 | H81: 17.6 | J81: =H81+D81-I81 -> 17.6 | K81: 17.6 | L81: =K81*G81 -> 2958.384 | M81: =K81/J81 -> 1 | O81: =N81*G81 -> 0 | P81: =N81/J81 -> 0 | Q81: =K81+N81 -> 17.6 | R81: =ROUND(SUM(L81+O81),2) -> 2958.38 | S81: =M81+P81 -> 1 | T81: 17.6
A82: 7.2 | B82: Mobilização e desmobilização de conteiner locado para barracão de obra | C82: und | E82: 733.33 | F82: 942.7 | G82: 721.1 | H82: 4 | J82: =H82+D82-I82 -> 4 | K82: 4 | L82: =K82*G82 -> 2884.4 | M82: =K82/J82 -> 1 | O82: =N82*G82 -> 0 | P82: =N82/J82 -> 0 | Q82: =K82+N82 -> 4 | R82: =ROUND(SUM(L82+O82),2) -> 2884.4 | S82: =M82+P82 -> 1 | T82: 4
A83: 7.3 | B83: Placa de obra nas dimensões de 2.0 x 4.0 m, padrão IOPES | C83: m2 | E83: 242.55 | F83: 311.8 | G83: 229.38 | H83: 8 | J83: =H83+D83-I83 -> 8 | K83: 8 | L83: =K83*G83 -> 1835.04 | M83: =K83/J83 -> 1 | O83: =N83*G83 -> 0 | P83: =N83/J83 -> 0 | Q83: =K83+N83 -> 8 | R83: =ROUND(SUM(L83+O83),2) -> 1835.04 | S83: =M83+P83 -> 1 | T83: 8
A84: 7.4 | B84: Carregadeira de rodas ref. Caterpillar modelo 924H (1,9m3) (cab + ar) ou equivalente | C84: H | E84: 201.89 | F84: 233.32 | G84: 176.49 | H84: 26.4 | J84: =H84+D84-I84 -> 26.4 | K84: 26.4 | L84: =K84*G84 -> 4659.336 | M84: =K84/J84 -> 1 | O84: =N84*G84 -> 0 | P84: =N84/J84 -> 0 | Q84: =K84+N84 -> 26.4 | R84: =ROUND(SUM(L84+O84),2) -> 4659.34 | S84: =M84+P84 -> 1 | T84: 26.4
A85: 7.5 | B85: Grama em placas, fornecimento e plantio (sem fixação com estacas) | C85: m2 | E85: 12.57 | F85: 16.16 | G85: 12.35 | H85: 17.5 | J85: =H85+D85-I85 -> 17.5 | K85: 0 | L85: =K85*G85 -> 0 | M85: =K85/J85 -> 0 | O85: =N85*G85 -> 0 | P85: =N85/J85 -> 0 | Q85: =K85+N85 -> 0 | R85: =ROUND(SUM(L85+O85),2) -> 0 | S85: =M85+P85 -> 0 | T85: -
A86: TOTAIS | L86: =SUM(L21:L85) -> 2520370.5 | O86: =SUM(O21:O85) -> 101396.18 | R86: =ROUND(SUM(R21:R85),2) -> 2621766.7
A88: VALOR INICIAL DO CONTRATO | C88: 2266133.9 | J88: POSIÇÃO FÍSICA DO CONTRATO | O88: POSIÇÃO FINANCEIRA DO CONTRATO
A89: VALOR DO ADITIVO | C89: 452651.74 | J89: % | K89: MEDIÇÃO 10 | M89: =O86/C90 -> 0.037294658 | O89: =N17 -> 101396.18 | Q89: =O86 -> 101396.18
A90: VALOR TOTAL DO CONTRATO | C90: =C89+C88 -> 2718785.6 | J90: % ACUMULADO | M90: =R86/C90 -> 0.96431533 | O90: ACUMULADO | Q90: =R86 -> 2621766.7
J91: % SALDO | M91: =100%-M90 -> 0.035684674 | O91: SALDO | Q91: =C90-Q90 -> 97018.98
G95: PEDRO JAYME LANI JÚNIOR
G96: ENGENHEIRO CIVIL CREA ES 20109/D
Q99: 2
B100: Reajustamento Planilha Base - Fonte DNIT | C100: Índices | Q100: 2
B101: Grupo de Serviços | C101: 44136 | D101: 44440 | E101: Reajuste | Q101: 2
B102: Terraplenagem | C102: 331.622 | D102: 383.886 | E102: 1.157 | Q102: 1
B103: Drenagem | C103: 337.878 | D103: 383.705 | E103: 1.135 | Q103: 15
B104: OBRAS DE ARTE ESPECIAIS (Sem Aço) | C104: 341.549 | D104: 388.807 | E104: 1.138 | Q104: 15
B105: OBRAS DE ARTE ESPECIAIS | C105: 352.251 | D105: 421.46 | E105: 1.196 | Q105: 24
B106: Sinalização Vertical | C106: 204.278 | D106: 237.55 | E106: 1.162
B107: Mobilização e Desmobilização | C107: 118.205 | D107: 138.337 | E107: 1.17 | Q107: 1865
B108: OBS: todos os itens, exceto o 05.07 (SICRO ABRIL 2021) e 03.02 (DER EDIF. 2021) | Q108: 2070
Q109: 221.28
B110: Grupo de Serviços | C110: 44287 | D110: 44440 | E110: Reajuste | Q110: 72.96
B111: OBRAS DE ARTE ESPECIAIS | C111: 388.657 | D111: 421.46 | E111: =TRUNC(D111/C111,3) -> 1.084 | Q111: 72.96
Q112: 1865.5977
Q113: 0
Q114: 0
Q115: 0
Q116: 0
Q117: 0
...

Sheet MEMO CALCULO 10
B2: PREFEITURA MUNICIPAL DE SÃO ROQUE DO CANAÃ
B8: Memória de cálculo 10ª Medição
B9: OBRA: Construção de muro de contenção e estabilização de taludes em área de risco | D9: Data: 13/02/2023
B10: LOCAL: Ruas Antônio Gil Veloso, Centro e Miguel Ângelo Piontkovsky, Bairro Nossa Senhora das Graças, neste Município
B11: Item | C11: Descrição | D11: Und | E11: Quant.
B12: 1. | C12: =VLOOKUP(B12,'MEDIÇÃO 9'!$A$20:$C$85,2,0) -> CANTEIRO DE OBRAS
B13: 1.1 | C13: =VLOOKUP(B13,'MEDIÇÃO 9'!$A$20:$C$85,2,0) -> Aluguel de container para almoxarifado | D13: =VLOOKUP(B13,'MEDIÇÃO 9'!A20:C85,3,0) -> mês | E13: 1
B14: 1,00 mês
B15: 1.2 | C15: =VLOOKUP(B15,'MEDIÇÃO 9'!$A$20:$C$85,2,0) -> Aluguel de container p/ escritório c/ ar condicionado e banheiro,isolam.térmico e acústico, 2 luminárias, janela de vidro, tomada p/ comput. E telef. | D15: =VLOOKUP(B15,'MEDIÇÃO 9'!$A$20:$C$85,3,0) -> mês | E15: 1
B16: 1,00 mês
B17: 1.3 | C17: =VLOOKUP(B17,'MEDIÇÃO 9'!$A$20:$C$85,2,0) -> Aluguel de container tipo refeitório (2 unidades acopladas), c/ 2 aparelhos de ar condicionado, 4 lumináriase 4 janelas de vidro | D17: =VLOOKUP(B17,'MEDIÇÃO 9'!$A$20:$C$85,3,0) -> mês | E17: 1
B18: 1,00 mês
B19: 1.4 | C19: =VLOOKUP(B19,'MEDIÇÃO 9'!$A$20:$C$85,2,0) -> Aluguel de container tipo sanitário com 3 vasos sanitários, lavatório, mictório, 5 chuveiros, 2 venezianas e piso especial | D19: =VLOOKUP(B19,'MEDIÇÃO 9'!$A$20:$C$85,3,0) -> mês | E19: 1
B20: 1,00 mês
B22: 3. | C22: =VLOOKUP(B22,'MEDIÇÃO 9'!$A$20:$C$85,2,0) -> DRENAGEM
B23: 3.1 | C23: =VLOOKUP(B23,'MEDIÇÃO 9'!$A$20:$C$85,2,0) -> Religação de rede de água em PVC DN 25mm,inclusive conexões | D23: =VLOOKUP(B23,'MEDIÇÃO 9'!A30:C95,3,0) -> m | E23: 20
B24: Conforme projeto: 20,00 m
B25: 3.2 | C25: =VLOOKUP(B25,'MEDIÇÃO 9'!$A$20:$C$85,2,0) -> Tubo PVC rígido para esgoto no diâmetro de 200mm incluindo escavação e aterro com areia | D25: =VLOOKUP(B25,'MEDIÇÃO 9'!$A$20:$C$85,3,0) -> m | E25: 30
B26: Conforme projeto: 30,00 m
B27: 3.4 | C27: =VLOOKUP(B27,'MEDIÇÃO 9'!$A$20:$C$85,2,0) -> Caixa coletora em bloco pré-moldado para d->0,60m (1,00 x 1,00m) | D27: =VLOOKUP(B27,'MEDIÇÃO 9'!$A$20:$C$85,3,0) -> Ud | E27: 2
B28: Conforme projeto: 2,00 und
B29: 3.5 | C29: =VLOOKUP(B29,'MEDIÇÃO 9'!$A$20:$C$85,2,0) -> Tampa de concreto em grelha, fornecimento, assentamento e transporte | D29: =VLOOKUP(B29,'MEDIÇÃO 9'!$A$20:$C$85,3,0) -> Ud | E29: 2
B30: Conforme projeto: 2,00 und
B31: 3.6 | C31: =VLOOKUP(B31,'MEDIÇÃO 9'!$A$20:$C$85,2,0) -> Eletroduto de PVC diâmetro de 4", fornecimento e instalação | D31: =VLOOKUP(B31,'MEDIÇÃO 9'!$A$20:$C$85,3,0) -> m | E31: 20
B32: Conforme projeto: 20,00 m
B34: 5. | C34: =VLOOKUP(B34,'MEDIÇÃO 9'!$A$20:$C$85,2,0) -> SOLO GRAMPEADO
B35: 5.1 | C35: =VLOOKUP(B35,'MEDIÇÃO 9'!$A$20:$C$85,2,0) -> Concreto projetado com cimento especial | D35: =VLOOKUP(B35,'MEDIÇÃO 9'!$A$20:$C$85,3,0) -> m³ | E35: 15
B36: Aplicação para o solo grampeado: (41,20 m x 17,80 m x 0,10 m) + (22,00 m x 25,10 m x 0,10 m) + (12,53 m x 17,11 m x 0,10 m) = 150,00 m³
